 Dungeon Crawl Stone Soup version 0.31-a0-853-gc9b61b78f7 (webtiles) character file.

Game seed: 13872199939791128093

56 Descartes the Scratcher (level 3, -5/15 HPs)
             Began as a Felid Shapeshifter on Oct 8, 2023.
             Slain by a kobold brigand
             ... wielding a +0 dagger
              (9 damage)
             ... on level 2 of the Dungeon.
             The game lasted 00:02:53 (1698 turns).

Descartes the Scratcher (Felid Shapeshifter)        Turns: 1698, Time: 00:02:54

Health: -5/15      AC:  1    Str: 12    XL:     3   Next: 71%
Magic:  4/4        EV: 17    Int: 11    God:
Gold:   98         SH:  0    Dex: 15    Spells: 2/2 levels left
                                        Lives:  0   Deaths: 1

rFire   . .          .
                       - Unarmed
rCold   . . .        (shield unavailable)
rNeg    . . .        (body armour unavailable)
rPois   .            (helmet unavailable)
rElec   .            (cloak unavailable)
rCorr   .            (gloves unavailable)
SInv    +            (boots unavailable)
Will    .....        (no amulet)
Stlth   +            (no ring)
HPRegen 0.22/turn    (no ring)
MPRegen 0.09/turn

%: no passive effects
@: beast-form, quick
A: beast (slay +1), very small, claws 1, fangs 3, see invisible, speed 1, shaggy
fur 1, stealthy paws, no weapons or thrown items, no armour, multi-lived
a: Begin Untransformation


You were on level 2 of the Dungeon.
You were a hulking beast.
You visited 1 branch of the dungeon, and saw 3 of its levels.

You collected 98 gold pieces.

Inventory:

Jewellery
 g - a +6 ring of intelligence
Talismans
 b - a beast talisman (active)
 c - a flux talisman
Scrolls
 d - a scroll of poison {unknown}
 e - 4 scrolls of identify {unknown}
 f - a scroll of enchant weapon {unknown}
 h - a scroll of immolation {unknown}
 j - a scroll of enchant armour {unknown}
Potions
 a - a potion of lignification


   Skills:
 - Level 1.0 Fighting
 - Level 2.6 Dodging
 + Level 4.7 Unarmed Combat
 - Level 3.2 Shapeshifting


You had 2 spell levels left.
You didn't know any spells.
Your spell library contained the following spells:

 Spells                   Type           Power      Damage    Failure   Level
 Call Canine Familiar     Summ           0%         N/A       71%         3
 Gell's Gravitas          Tloc           0%         N/A       71%         3
 Sigil of Binding         Hex            0%         N/A       71%         3
 Teleport Other           Tloc           0%         N/A       71%         3
 Leda's Liquefaction      Hex/Erth       0%         N/A       98%         4
 Dispersal                Tloc           0%         N/A       100%        6
 Dimensional Bullseye     Hex/Tloc       Unusable   N/A       N/A         4

Dungeon Overview and Level Annotations

Branches:
Dungeon (3/15)

Altars:


Innate Abilities, Weirdness & Mutations

You are a hulking beast.
Your limbs bulge with bestial killing power. (Slay +1)
You have sharp claws.
You have razor-sharp teeth.
You have supernaturally acute eyesight. (SInv)
You cover ground quickly. (Speed+)
You are covered in fur. (AC +1)
Your paws help you pounce on unaware monsters.
You are incapable of wielding weapons or throwing items.
You cannot wear armour.
You gain extra lives every three experience levels.


Message History

There is a stone staircase leading up here.
A kobold brigand is nearby!
The kobold brigand throws a curare-tipped dart.
The curare-tipped dart misses you. The kobold brigand barely misses you.
You scratch the kobold brigand but do no damage.
You bite the kobold brigand, but do no damage.
The kobold brigand is heavily wounded.
You closely miss the kobold brigand.
The kobold brigand is heavily wounded.
The kobold brigand hits you with a +0 dagger.
You barely miss the kobold brigand. Your bite misses the kobold brigand.
The kobold brigand is heavily wounded.
The kobold brigand barely misses you.
You barely miss the kobold brigand.
The kobold brigand is heavily wounded.
The kobold brigand hits you with a +0 dagger!
* * * LOW HITPOINT WARNING * * *
You are too injured to fight recklessly!
You are too injured to fight recklessly!
You are too injured to fight recklessly!
You are too injured to fight recklessly!
You are too injured to fight recklessly!
You are too injured to fight recklessly!
You are too injured to fight recklessly!
You are too injured to fight recklessly!
You are too injured to fight recklessly!
You are too injured to fight recklessly!
You are too injured to fight recklessly!
You are too injured to fight recklessly!
Unknown command.
The kobold brigand hits you but does no damage.
You closely miss the kobold brigand.
The kobold brigand is heavily wounded.
The kobold brigand completely misses you.
You claw the kobold brigand!
The kobold brigand is severely wounded.
The kobold brigand hits you with a +0 dagger!
Ouch! That really hurt!
You die...

#..)...# #.
#.####.###### #.
#.##........# #.
#.##.#.####.###########.
#.##.#.####...>......##.
#...........########.##.
####.<#####.# #.###
#..#####.# #.#
##รท..h.##.# #.###
#....K..#.##### #.#..
#.#####.#.....# ##....
#.# #.......###.#..# #.#
#.#........###.# #.#
#.#.>...###.#..#
#.#####.#.............
#.......######.###.###
####.#########.#P.....


You could see a kobold brigand.

Vanquished Creatures
  An adder (D:2)
  An ufetubus (D:2)
  A worm (D:2)
  A dart slug (D:1)
  An orc (D:2)
  6 endoplasms
  A giant cockroach (D:2)
  5 goblins
  3 hobgoblins
  3 kobolds
  2 quokkas
  3 ball pythons (D:2)
  2 bats
  A frilled lizard (D:2)
  3 rats
34 creatures vanquished.

Notes
Turn   | Place    | Note
-------+----------+-------------------------------------------
     0 | D:1      | Descartes the Felid Shapeshifter began the quest for the
                  | Orb.
     0 | D:1      | Reached XP level 1. HP: 9/9 MP: 2/2
   221 | D:1      | Reached XP level 2. HP: 8/12 MP: 3/3
   895 | D:2      | Reached skill level 4 in Unarmed Combat
   933 | D:2      | Reached XP level 3. HP: 15/15 MP: 4/4
  1591 | D:3      | Noticed a kobold brigand
  1674 | D:1      | Succumbed to a kobold brigand's curare-tipped dart
  1698 | D:2      | Slain by a kobold brigand

Illustrated notes

Levels and vault maps discovered:
D:1:      elethiomel_arrival_shortcut, layout_basic, fountainhead, st_stairs_4
D:2:      cheibrodos_old_hovel, layout_loops_cross
D:3:      layout_loops_ring, amcnicky_altar_gilded

Skill      XL: |  1  2 |
---------------+-------+-----
Unarmed Combat | 4 |  4.7
Fighting       | |  1.0
Dodging        | |  2.6
Shapeshifting  | |  3.2

Action                     || total
---------------------------++-------
  Melee: Unarmed           ||    93
         Bite              ||     5
         Punch             ||     1
    Use: Potion            ||     1
   Stab: Sleeping          ||     2
 Armour: Skin              ||    28
  Dodge: Dodged            ||    55

Table legend: (Time is in decaauts)
 A = Elapsed time spent in this place.
 B = Non-inter-level travel time spent in this place.
 C = Inter-level travel time spent in this place.
 D = Time resting spent in this place.
 E = Time spent auto-exploring this place.
 F = Levels seen in this place.
 G = Mean time per level.
                   A        B        C        D        E       F      G
               +--------+--------+--------+--------+--------+-----+--------+
         Total |   1430 |   1371 |     59 |      0 |   1142 |   3 |  476.7 |
       Dungeon |   1430 |   1371 |     59 |      0 |   1142 |   3 |  476.7 |
               +--------+--------+--------+--------+--------+-----+--------+

Top non-repeatable levels by time:
     D:1: 762 daAuts
     D:2: 655 daAuts
     D:3: 12 daAuts
